 Dungeon Crawl Stone Soup version 0.23-b1-67-g8bd44de (webtiles) character file.

Game seed: 14455249968688740076

107 doot the Insei (level 4, 0/32 HPs)
             Began as a Merfolk Transmuter on Feb 6, 2019.
             Slain by an orc priest
             ... wielding a +0 short sword
              (3 damage)
             ... on level 4 of the Dungeon.
             The game lasted 00:03:49 (1405 turns).

doot the Insei (Merfolk Transmuter)                 Turns: 1405, Time: 00:03:50

Health: 0/32       AC:  2    Str: 10    XL:     4   Next: 86%
Magic:  3/8        EV: 25    Int: 13    God:
Gold:   75         SH:  0    Dex: 19    Spells: 2/8 levels left

rFire    . . .     SeeInvis .     - Unarmed
rCold    + . .     Gourm    .   (shield currently unavailable)
rNeg     . . .     Faith    .   (armour currently unavailable)
rPois    x         Spirit   .   (helmet currently unavailable)
rElec    .         Reflect  .   (cloak currently unavailable)
rCorr    .         Harm     .   (gloves currently unavailable)
MR       .....                  (boots currently unavailable)
Stlth    ++........             (no amulet)
HPRegen  0.10/turn              i - ring of protection from cold
MPRegen  0.11/turn              k - +3 ring of evasion

@: spider-form (expiring)
A: tiny, (change form in water), (swift swim), (stealthy swim)
a: End Transformation


You were on level 4 of the Dungeon.
You were not hungry.
You were a venomous arachnid creature.
You visited 1 branch of the dungeon, and saw 4 of its levels.

You collected 75 gold pieces.

Inventory:

Missiles
 a - 11 arrows
Armour
 b - a +0 robe (melded)
 c - a +0 cloak (melded)
Jewellery
 i - a ring of protection from cold (left front leg)
 j - an uncursed amulet of guardian spirit
 k - a +3 ring of evasion (right front leg)
Scrolls
 g - a scroll of remove curse {unknown}
 l - a scroll of teleportation {unknown}
Potions
 e - 3 potions of haste {unknown}
 h - 2 potions of curing {unknown}
 m - a potion of might {unknown}
Comestibles
 d - 3 rations
 f - 6 chunks of flesh


   Skills:
 + Level 1.2 Fighting
 + Level 3.4 Dodging
 + Level 1.1 Stealth
 + Level 4.3 Unarmed Combat
 + Level 2.7 Spellcasting
 + Level 3.6 Transmutations
 + Level 0.3 Poison Magic


You had 2 spell levels left.
You knew the following spells:

 Your Spells              Type           Power        Failure   Level  Hunger
a - Beastly Appendage     Tmut           ##....       16%         1    #......
b - Sticks to Snakes      Tmut           ##......     22%         2    ###....
c - Spider Form           Tmut/Pois      #.........   54%         3    ###....

Your spell library contained the following spells:

 Spells                   Type           Power        Failure   Level  Hunger
 Ice Form                 Ice/Tmut       #.......     89%         4    #####..
 Blade Hands              Tmut           ##........   94%         5    ######.


Dungeon Overview and Level Annotations

Branches:
Dungeon (4/15)
 Temple: D:4-7

Altars:
Yredelemnul


Message History

The orc wizard hits you with a +0 dagger.
The orc misses you.
The orc priest mumbles some strange prayers to Beogh against you.
Pain shoots through your body!
Unknown command.
You barely miss the orc priest.
The orc wizard gestures at you while chanting.
The magic dart hits you! The orc hits you with a +0 hand axe.
* * * LOW HITPOINT WARNING * * *
The orc priest barely misses you. The orc misses you.
Unknown command.
You hit the orc priest.
The orc priest is poisoned.
The orc priest is heavily wounded.
The orc wizard hits you with a +0 dagger.
* * * LOW HITPOINT WARNING * * *
The orc barely misses you. The orc wizard casts a spell at you.
The puff of frost misses you.
The orc priest hits you with a +0 short sword.
You die...

....$......#
...$.......
##
..........#
.
........#.#
......#.###
#.........
#.#.<....#
#...oo..#.##
##.#soo....#
#.##o.....#
#. o.....#
.. #......
.. ......
... ......
... #....
....


You could see an orc priest, an orc wizard and 4 orcs.

Vanquished Creatures
  2 orc priests (D:3)
  A worm (D:3)
  2 dart slugs (D:1)
  2 leopard geckos
  6 orcs
  6 bats
  3 giant cockroaches
  5 hobgoblins
  2 jackals (D:3)
  A frilled lizard (D:3)
  A kobold (D:1)
  4 rats
35 creatures vanquished.

Notes
Turn   | Place    | Note
-------+----------+-------------------------------------------
     0 | D:1      | doot the Merfolk Transmuter began the quest for the Orb.
     0 | D:1      | Reached XP level 1. HP: 15/15 MP: 3/3
   145 | D:1      | Reached XP level 2. HP: 17/21 MP: 3/5
   157 | D:1      | Learned a level 2 spell: Sticks to Snakes
   997 | D:2      | Reached XP level 3. HP: 25/26 MP: 4/6
  1008 | D:2      | Learned a level 3 spell: Spider Form
  1014 | D:2      | Found a basalt altar of Yredelemnul.
  1297 | D:3      | Reached skill level 1 in Stealth
  1297 | D:3      | Reached skill level 4 in Unarmed Combat
  1297 | D:3      | Reached XP level 4. HP: 32/32 MP: 3/7
  1405 | D:4      | Slain by an orc priest

Skill      XL: |  1  2  3 |
---------------+----------+-----
Dodging        | 3 |  3.4
Transmutations | 3 |  3.6
Stealth        | 1 |  1.1
Unarmed Combat | 4 |  4.3
Fighting       | |  1.2
Spellcasting   | |  2.7
Poison Magic   | |  0.3

Action                   |  1- 3 |  4- 6 || total
-------------------------+-------+-------++-------
Melee: Unarmed           |    75 |    30 ||   105
       Headbutt          |     8 |     1 ||     9
 Cast: Beastly Appendage |    14 |     2 ||    16
       Spider Form       |     2 |     3 ||     5
       Sticks to Snakes  |     1 |       ||     1
  Eat: Chunk             |     2 |     1 ||     3
Armor: Robe              |    17 |     5 ||    22
       Skin              |     2 |       ||     2
Dodge: Dodged            |    66 |    42 ||   108
